 Dungeon Crawl Stone Soup version 0.21.1-1-g345015f (webtiles) character file.

434 shakethe the Chopper (level 6, -7/44 HPs)
             Began as a Demonspawn Gladiator on Feb 8, 2018.
             Mangled by Edmund
             ... wielding a +5 dire flail of protection
              (9 damage)
             ... on level 4 of the Dungeon.
             The game lasted 00:07:21 (2583 turns).

shakethe the Chopper (Demonspawn Gladiator)         Turns: 2583, Time: 00:07:22

Health: -7/44      AC: 11    Str: 15    XL:     6   Next: 68%
Magic:  6/6        EV: 13    Int:  9    God:
Gold:   149        SH:  0    Dex: 13    Spells: 5/5 levels left

rFire    + . .     SeeInvis .   a - +0 war axe
rCold    x . .     Gourm    .   (no shield)
rNeg     . . .     Faith    .   b - +0 leather armour
rPois    .         Spirit   .   c - +0 helmet
rElec    .         Reflect  .   (no cloak)
rCorr    .         Harm     .   m - +0 pair of gloves
MR       .....                  (no boots)
Stlth    +.........             (no amulet)
HPRegen  0.14/turn              g - -3 ring of dexterity (curse)
MPRegen  0.10/turn              o - ring of fire

@: sanguine armour
A: claws 1, powered by death 1, spiny 1, sanguine armour 1
a: no special abilities


You were on level 4 of the Dungeon.
You were hungry.

You visited 1 branch of the dungeon, and saw 4 of its levels.

You collected 149 gold pieces.

Inventory:

Hand Weapons
 a - a +0 war axe (weapon)
Missiles
 d - 2 throwing nets (quivered)
Armour
 b - a +0 leather armour (worn)
 c - a +0 helmet (worn)
 e - a +0 plate armour
 m - a +0 pair of gloves (worn)
Jewellery
 g - a cursed -3 ring of dexterity (left hand)
 o - a ring of fire (right hand)
Scrolls
 i - a scroll of identify
 j - 4 scrolls of teleportation
Potions
 h - a potion of haste {unknown}
 k - 2 potions of degeneration {unknown}
 l - a potion of heal wounds {unknown}
 n - 2 potions of lignification {unknown}
 p - a potion of might {unknown}
 q - a potion of agility {unknown}
Comestibles
 f - 3 rations


   Skills:
 - Level 2.1 Fighting
 * Level 5.3 Axes
 - Level 1.8 Throwing
 + Level 2.6 Armour
 + Level 4.2 Dodging


You had 5 spell levels left.
You didn't know any spells.

Dungeon Overview and Level Annotations

Branches:
Dungeon (4/15)
 Temple: D:4-7

Altars:
Makhleb
Nemelex Xobeh

Annotations:
D:4 Edmund, Sigmund


Innate Abilities, Weirdness & Mutations

You have sharp fingernails.
You regenerate a little health from kills.
You are partially covered in sharp spines.
When seriously injured, your bleeding wounds create armour. (AC +6)


Message History

You hit Edmund.
Edmund is moderately wounded.
Edmund closely misses you.
You hit Edmund.
Edmund is heavily wounded.
Edmund misses you.
Edmund hits you with a dire flail of protection.
* * * LOW HITPOINT WARNING * * *
You closely miss Edmund.
Edmund is heavily wounded.
Edmund closely misses you.
You hit Edmund but do no damage.
Edmund is heavily wounded.
Edmund hits you with a dire flail of protection!
* * * LOW HITPOINT WARNING * * *
You hit Edmund but do no damage.
Edmund is heavily wounded.
Edmund gestures with his flail.
Edmund hits you with a dire flail of protection!
You die...

#............
#............
#...........
#...........
#######'''#######
########...#######
####§###...#§§§§§#
###§§§##@⌠.#§§§§§#
##§§§§§#@..#§§§.§#
###§§§##...#§§§§§#
####§###...#§§§.§#
########...#######
#⌠......._.......⌠
########...#######
.
##§§§§§#...###§###
#.
##§§§§§#...##§§§##
#.
##§.§§§#...#§§§§§#
#.


You could see Edmund.

Vanquished Creatures
  An ogre (D:3)
  A hound (D:2)
  Natasha (D:4)
  An orc wizard (D:3)
  Robin (D:2)
  7 gnolls (D:3)
  7 adders
  An ooze (D:2)
  2 adder skeletons (D:4)
  2 worms (D:2)
  3 dart slugs (D:1)
  6 leopard geckos
  5 orcs (D:3)
  A ball python (D:1)
  4 giant cockroaches
  15 goblins
  15 hobgoblins
  4 jackals (D:1)
  2 quokkas (D:3)
  3 bats
  8 frilled lizards
  11 kobolds
  9 rats
110 creatures vanquished.

Notes
Turn   | Place    | Note
-------+----------+-------------------------------------------
     0 | D:1      | shakethe the Demonspawn Gladiator began the quest for the Orb.
     0 | D:1      | Reached XP level 1. HP: 16/16 MP: 1/1
   127 | D:1      | Gained mutation: You regenerate a little health from kills. [demonic ancestry]
   127 | D:1      | Reached XP level 2. HP: 13/22 MP: 2/2
   137 | D:1      | Reached skill level 3 in Axes
   241 | D:1      | Reached XP level 3. HP: 20/27 MP: 3/3
   692 | D:2      | Noticed Robin
   724 | D:2      | Killed Robin
   724 | D:2      | Reached skill level 1 in Armour
   724 | D:2      | Gained mutation: You have sharp fingernails. [demonic ancestry]
   724 | D:2      | Reached XP level 4. HP: 33/33 MP: 4/4
   904 | D:2      | Reached skill level 4 in Axes
  1130 | D:2      | Found a burning altar of Makhleb.
  1133 | D:2      | Gained mutation: You are partially covered in sharp spines. [demonic ancestry]
  1133 | D:2      | Reached XP level 5. HP: 37/38 MP: 5/5
  1589 | D:3      | Noticed an ogre
  1597 | D:3      | Killed an ogre
  1600 | D:3      | Gained mutation: When seriously injured, your bleeding wounds create armour. (AC +6) [demonic ancestry]
  1600 | D:3      | Reached XP level 6. HP: 26/44 MP: 6/6
  1722 | D:3      | Reached skill level 5 in Axes
  1758 | D:3      | Found a faded altar of an unknown god.
  2295 | D:4      | Noticed Natasha
  2301 | D:4      | Killed Natasha
  2322 | D:4      | Noticed Sigmund
  2507 | D:4      | Found a sparkling altar of Nemelex Xobeh.
  2556 | D:4      | Noticed Edmund
  2582 | D:4      | HP: 2/44 [Edmund/dire flail of protection (7)]
  2583 | D:4      | Mangled by Edmund

Skill      XL: |  1  2  3  4  5  6 |
---------------+-------------------+-----
Dodging        | 3 4 |  4.2
Axes           | 3 4 5 |  5.3
Armour         | 1 2 |  2.6
Fighting       | |  2.1
Throwing       | |  1.8

Action                   |  1- 3 |  4- 6 || total
-------------------------+-------+-------++-------
Melee: War axe           |   119 |   159 ||   278
Throw: Throwing net      |       |     1 ||     1
  Use: Scroll            |       |     1 ||     1
 Stab: Held in net/web   |       |     1 ||     1
  Eat: Chunk             |       |     5 ||     5
Armor: Leather armour    |    34 |    38 ||    72
Dodge: Dodged            |   102 |   123 ||   225
